 Dungeon Crawl Stone Soup version 0.27.1-2-g3b301248ec (webtiles) character file.

Game seed: 5228469473618526101

1537 vvl the Poker (level 8, -1/61 HPs)
             Began as a Demonspawn Fighter on Sept 29, 2021.
             Was a Follower of Fedhas.
             Killed from afar by Harold (15 damage)
             ... with a harpoon shot
             ... on level 7 of the Dungeon.
             The game lasted 00:12:40 (6859 turns).

vvl the Poker (Demonspawn Fighter)                  Turns: 6859, Time: 00:12:41

Health: -1/61      AC:  9    Str: 19    XL:     8   Next: 56%
Magic:  12/12      EV:  7    Int: 10    God:    Fedhas [*.....]
Gold:   196        SH:  9    Dex: 14    Spells: 12/12 levels left

rFire    . . .     SeeInvis .   o - +2 spear (venom)
rCold    . . .     Faith    .   c - +0 kite shield
rNeg     . . .     Spirit   .   b - +0 scale mail
rPois    .         Reflect  .   m - +2 hat
rElec    .         Harm     .   (no cloak)
rCorr    .         Rampage  .   (no gloves)
Will     .....                  (no boots)
Stlth    +.........             (no amulet)
HPRegen  0.20/turn              (no ring)
MPRegen  0.13/turn              (no ring)

@: marked
A: thin skeletal structure 1, demonic guardian 1, spiny 2
a: Renounce Religion


You were on level 7 of the Dungeon.
You worshipped Fedhas.
Fedhas was aware of your devotion.
You visited 2 branches of the dungeon, and saw 8 of its levels.

You collected 322 gold pieces.
You spent 126 gold pieces at shops.

Inventory:

Hand Weapons
 o - a +2 spear of venom (weapon)
Armour
 b - a +0 scale mail (worn)
 c - a +0 kite shield (worn)
 m - a +2 hat (worn)
Magical Staves
 w - a staff of earth
Jewellery
 p - a ring of fire
 x - a ring of willpower
Scrolls
 a - a scroll of amnesia {unknown}
 e - 2 scrolls of identify {unknown}
 f - 3 scrolls of enchant weapon {unknown}
 i - a scroll of acquirement {unknown}
 n - 3 scrolls of vulnerability {unknown}
 q - 2 scrolls of torment {unknown}
 r - a scroll of immolation {unknown}
Potions
 d - a potion of might
 g - 2 potions of haste {unknown}
 h - a potion of mutation {unknown}
 j - 3 potions of magic {unknown}
 k - 2 potions of flight {unknown}
 l - 4 potions of heal wounds {unknown}
 s - a potion of berserk rage {unknown}
 t - a potion of attraction {unknown}
 u - a potion of brilliance {unknown}
 v - a potion of lignification {unknown}


   Skills:
 + Level 4.5 Fighting
 * Level 4.7 Polearms
 + Level 4.0 Armour
 + Level 4.0 Shields
 + Level 2.9 Spellcasting
 + Level 3.1 Conjurations
 + Level 2.7 Summonings
 + Level 3.5 Necromancy
 + Level 4.0 Invocations


You had 12 spell levels left.
You didn't know any spells.
Your spell library contained the following spells:

 Spells                   Type           Power      Damage    Failure   Level
 Summon Small Mammal      Summ           28%        N/A       71%         1
 Vampiric Draining        Necr           4%         2d6       93%         3
 Static Discharge         Conj/Air       4%         N/A       95%         2
 Call Canine Familiar     Summ           7%         N/A       97%         3
 Slow                     Hex            1%         N/A       99%         2
 Summon Guardian Golem    Hex/Summ       4%         N/A       99%         3
 Confusing Touch          Hex            1%         N/A       100%        3
 Dispel Undead            Necr           8%         3d8       100%        4
 Sticky Flame             Conj/Fire      4%         2d3       100%        4


Dungeon Overview and Level Annotations

Branches:
Dungeon (7/15)             Temple (1/1) D:4

Altars:
Ashenzari
Cheibriados
Elyvilon
Fedhas
Gozag
Hepliaklqana
Makhleb
Nemelex Xobeh
Okawaru
Qazlal
Ru
Uskayaw
Vehumet
Wu Jian
Zin

Shops:
D:4 (

Annotations:
D:7 Harold


Innate Abilities, Weirdness & Mutations

You have a somewhat thin skeletal structure. (Dex +2, Stealth+)
A weak demonic guardian rushes to your aid.
You are mostly covered in sharp spines.


Message History

Harold hits you with a +0 war axe.
You closely miss Harold.
Harold is lightly wounded.
Harold is struck by your spines. Harold hits you with a +0 war axe!
You hit Harold but do no damage.
Harold is lightly wounded.
Harold says, "My wife will appreciate not having to wash blood out of my clothes anymore."
Harold casts a spell at you. A sentinel's mark forms upon you.
You hit Harold.
Harold looks as sick as possible!
Harold is moderately wounded.
You block Harold's attack.
You puncture Harold!
Harold looks as sick as possible!
Harold is moderately wounded.
Harold barely misses you. Harold is struck by your spines.
Harold hits you with a +0 war axe! Harold casts a spell at you.
The mark upon you grows brighter.
Harold pauses a moment, imagining something with a smile on his face.
Harold fires a harpoon shot at you. The harpoon shot hits you.
You are yanked forward by the harpoon shot.
You hit Harold.
Harold is severely wounded.
Harold casts a spell at you. The mark upon you grows brighter.
You hit Harold but do no damage.
Harold looks as sick as possible!
Harold is severely wounded.
Harold hits you with a +0 war axe.
You hit Harold but do no damage.
Harold looks as sick as possible!
Harold is almost dead.
Harold is struck by your spines. Harold hits you with a +0 war axe!
* * * LOW HITPOINT WARNING * * *
Harold throws a throwing net.
The throwing net barely misses you.
You see here a throwing net.
Harold throws a throwing net.
The throwing net barely misses you. Harold fires a harpoon shot at you.
The harpoon shot hits you!
You die...
Fedhas appreciates your contribution to the ecosystem.

..#.# ...#......
##..####...##....... ...
.....##....#.......# ....
....#.............##......
..........................
...............(..##......
..........................
..<.....................#
................@......#
.............#.##...#..###
.............####..##....##
..##..#.###### ##(##!....#.
.(.#.....#..##. #..@...$....
#..##...............##.#..()
#..###...####.##....# # .
#..#.....## #......
..........# #.......


You could see Harold (extremely poisoned).

Vanquished Creatures
  Prince Ribbit (D:6)
  Sigmund (D:6)
  Edmund (D:5)
  A water moccasin (D:5)
  A sky beast (D:3)
  A black bear (D:4)
  A necrophage (D:6)
  An ogre (D:6)
  A kobold brigand (D:6)
  A bullfrog (D:6)
  A scorpion (D:5)
  A wyvern skeleton (D:5)
  A howler monkey (D:6)
  A centaur zombie (D:7)
  A bullfrog zombie (D:6)
  A jelly (D:3)
  A gnoll shaman (D:2)
  An iguana (D:5)
  Terence (D:3)
  A hound skeleton (D:5)
  4 gnolls (D:2)
  5 adders
  An ufetubus (D:6)
  An adder zombie (D:5)
  An adder skeleton (D:4)
  A worm (D:3)
  A dart slug (D:3)
  3 orcs (D:3)
  9 endoplasms
  2 giant cockroaches
  5 goblins
  5 hobgoblins
  7 kobolds
  4 quokkas
  2 ball pythons
  5 bats
  3 frilled lizards
  5 rats
84 creatures vanquished.

Vanquished Creatures (collateral kills)
  2 kobolds (D:6)
2 creatures vanquished.

Grand Total: 86 creatures vanquished

Notes
Turn   | Place    | Note
-------+----------+-------------------------------------------
     0 | D:1      | vvl the Demonspawn Fighter began the quest for the Orb.
     0 | D:1      | Reached XP level 1. HP: 18/18 MP: 1/1
   205 | D:1      | Gained mutation: You are partially covered in sharp spines.
                  | [demonic ancestry]
   205 | D:1      | Reached XP level 2. HP: 24/24 MP: 2/2
   769 | D:2      | Reached XP level 3. HP: 23/29 MP: 3/3
   771 | D:2      | Reached skill level 1 in Necromancy
  1051 | D:2      | Reached skill level 1 in Spellcasting
  1051 | D:2      | Reached skill level 1 in Conjurations
  1051 | D:2      | Gained mutation: You are mostly covered in sharp spines.
                  | [demonic ancestry]
  1051 | D:2      | Reached XP level 4. HP: 23/35 MP: 5/5
  1054 | D:2      | Reached skill level 1 in Invocations
  1716 | D:3      | Found a faded altar of an unknown god.
  2185 | D:3      | Reached XP level 5. HP: 41/41 MP: 6/6
  2275 | D:3      | Found a stormy altar of Qazlal.
  2342 | D:3      | Noticed a sky beast
  2352 | D:3      | Killed a sky beast
  2496 | D:3      | Noticed Terence
  2513 | D:3      | Killed Terence
  2514 | D:3      | Reached skill level 1 in Summonings
  2514 | D:3      | Gained mutation: You have a somewhat thin skeletal
                  | structure. (Dex +2, Stealth+) [demonic ancestry]
  2514 | D:3      | Reached XP level 6. HP: 32/47 MP: 8/8
  3123 | D:4      | Found Uneamasa's Antique Weapon Shoppe.
  3131 | D:4      | Bought a glowing spear for 126 gold pieces
  3279 | D:4      | Found a staircase to the Ecumenical Temple.
  3320 | Temple   | Entered the Ecumenical Temple
  3421 | Temple   | Became a worshipper of Fedhas Madash
  3639 | D:5      | Entered Level 5 of the Dungeon
  4131 | D:5      | Noticed a water moccasin
  4138 | D:5      | Killed a water moccasin
  4139 | D:5      | Gained mutation: A weak demonic guardian rushes to your
                  | aid. [demonic ancestry]
  4139 | D:5      | Reached XP level 7. HP: 53/53 MP: 9/9
  5018 | D:6      | Noticed Sigmund
  5018 | D:6      | Noticed Edmund
  5045 | D:5      | Killed Edmund
  5347 | D:6      | Killed Sigmund
  5348 | D:6      | Reached XP level 8. HP: 31/60 MP: 11/11
  5571 | D:6      | Noticed Prince Ribbit
  5599 | D:6      | Killed Prince Ribbit
  6389 | D:6      | Reached * piety under Fedhas
  6841 | D:7      | Noticed Harold
  6859 | D:7      | Killed from afar by Harold

Illustrated notes

Levels and vault maps discovered:
D:1:      dpeg_arrival_simpleton_c, layout_rooms
D:2:      layout_loops_ring
D:3:      layout_loops_ring, grunt_qazlal_sundering,
          shapermc_ecumenical_altar_mp_ritualfount, minmay_quadrilaterals,
          uniq_terence
D:4:      layout_layer_cave, dk_xom_monty_hall, temple_fountains, serial_shops,
          shop
D:5:      layout_layer_cave
D:6:      layout_basic, uniq_sigmund, uniq_prince_ribbit1, uniq_edmund
D:7:      layout_cave_pools, nicolae_ossuary_entry_ruins, serial_shops,
          nicolae_stop_n_shop_1, uniq_pikel, uniq_harold
Temple:   eino_temple_lava

Skill      XL: |  1  2  3  4  5  6  7  8 |
---------------+-------------------------+-----
Polearms       | 2 3 4 |  4.7
Necromancy     | 1 2 3 |  3.5
Armour         | 3 4 |  4.0
Spellcasting   | 1 2 |  2.9
Conjurations   | 1 2 3 |  3.1
Invocations    | 1 2 3 4 |  4.0
Shields        | 3 4 |  4.0
Summonings     | 1 2 |  2.7
Fighting       | 4 |  4.5

Action                   |  1- 3 |  4- 6 |  7- 9 || total
-------------------------+-------+-------+-------++-------
Melee: Trident           |    64 |    99 |       ||   163
       Spear             |       |    37 |    90 ||   127
Armor: Scale mail        |    20 |    38 |    28 ||    86
Dodge: Dodged            |     7 |    30 |    19 ||    56
Block: Kite shield       |    23 |    61 |    34 ||   118
